 Dungeon Crawl Stone Soup version 0.25.1-2-g60ff931df9 (webtiles) character file.

Game seed: 1194015219699396909

36 JakoBeide the Grave Robber (level 3, -1/21 HPs)
             Began as an Octopode Necromancer on Nov 18, 2020.
             Was a Believer of Jiyva.
             Slain by a goblin
             ... wielding a +1 dagger of venom
             ... led by Robin
              (2 damage)
             ... on level 2 of the Dungeon.
             The game lasted 00:28:56 (1913 turns).

JakoBeide the Grave Robber (Octopode Necromancer)   Turns: 1913, Time: 00:28:59

Health: -1/21      AC:  1    Str:  8    XL:     3   Next: 37%
Magic:  2/6        EV: 13    Int: 18    God:    Jiyva [**....]
Gold:   11         SH:  0    Dex: 11    Spells: 5/6 levels left

rFire    . . .     SeeInvis .   j - +0 short sword
rCold    . . .     Gourm    .   (no shield)
rNeg     . . .     Faith    .   (helmet restricted)
rPois    .         Spirit   .   (no amulet)
rElec    .         Reflect  .   (no ring)
rCorr    .         Harm     .   (no ring)
MR       .....                  (no ring)
Stlth    +++.......             (no ring)
HPRegen  0.07/turn              (no ring)
MPRegen  0.10/turn              (no ring)
                                (no ring)
                                (no ring)

@: lethally poisoned (-1 -> -14)
A: almost no armour, stealthy swim, amphibious, 8 rings, constrict 8, camouflage
1, gelatinous body 1
a: Request Jelly, Renounce Religion


You were on level 2 of the Dungeon.
You worshipped Jiyva.
Jiyva was pleased with you.
You were not hungry.

You visited 1 branch of the dungeon, and saw 2 of its levels.

You collected 11 gold pieces.

Inventory:

Hand Weapons
 f - a +0 club
 j - a +0 short sword (weapon)
 m - a +0 dagger
 t - a +0 spear
 u - a +0 spear
Missiles
 e - 9 arrows
 k - 30 stones (quivered)
 l - 17 sling bullets
 v - 16 poisoned darts
Armour
 g - a +0 ring mail
 i - a +1 cloak of stealth
 r - a +0 robe
Scrolls
 a - a scroll of remove curse {unknown}
 c - a scroll of blinking
 h - a scroll of enchant weapon
 n - a scroll of magic mapping {unknown}
 p - a scroll of fog {unknown}
 s - a scroll of fear {unknown}
Potions
 d - 2 potions of haste {unknown}
 o - 2 potions of curing {unknown}
 q - a potion of cancellation {unknown}
Comestibles
 b - 2 rations
 w - 2 chunks of flesh


   Skills:
 + Level 0.1 Fighting
 + Level 0.1 Short Blades
 + Level 2.1 Dodging
 * Level 3.2 Stealth
 - Level 0.1 Unarmed Combat
 * Level 2.1 Spellcasting
 * Level 4.7 Necromancy


You had 5 spell levels left.
You knew the following spells:

 Your Spells              Type           Power        Failure   Level  Hunger
a - Pain                  Necr           ###.         2%          1    #......

Your spell library contained the following spells:

 Spells                   Type           Power        Failure   Level  Hunger
 Animate Skeleton         Necr           N/A          2%          1    #......
 Vampiric Draining        Necr           ###.......   8%          3    ###....
 Animate Dead             Necr           N/A          26%         4    #####..
 Agony                    Necr           ###.....     56%         5    ######.


Dungeon Overview and Level Annotations

Branches:
Dungeon (2/15)

Altars:
Okawaru
Jiyva


Innate Abilities, Weirdness & Mutations

You cannot wear most types of armour.
You are very stealthy in the water. (Stealth+)
You are amphibious.
You can wear up to eight rings at the same time.
You can use your tentacles to constrict eight enemies at once.
Your skin changes colour to match your surroundings (Stealth+).
Your rubbery body absorbs attacks. (AC +1, EV +1)


Message History

Your squeeze misses the goblin.
You feel sick.
The goblin shoots a stone.
The stone hits you. The giant cockroach bites you.
The goblin barely misses you.
There are monsters nearby!
You completely miss the goblin. Your grab misses the goblin.
You squeeze the goblin.
The goblin is moderately wounded.
You feel sick. The giant cockroach misses you.
The goblin shoots a stone.
The stone hits you!
* * * LOW HITPOINT WARNING * * *
The goblin hits you but does no damage.
You are more poisoned.
The giant cockroach misses you.
You closely miss the goblin. Your grab misses the goblin.
Your squeeze misses the goblin.
The goblin is moderately wounded.
* * * LOW HITPOINT WARNING * * *
You feel sick.
The goblin shoots a stone.
The stone barely misses you.
The goblin hits you with a +1 dagger of venom.
You die...

####.#.#.#.....
###..#...#.######
###........#.##..8.
###......#.#.#.##.8_8
###......#'#.....##..8.
###......###.#.#.####≈≈.≈
###......###..(#.#.# #.≈.≈
#+#......###g..###.#.# #≈≈.≈
#......###..@### #.#.# #....
##......##gs## #.#.####....
###......##...g# #.#.........
#.##......##gs## #.#.........
#..##......##... #...........
##†.##......##r.##.#.##.#<...
#....##......##.s#.#.##.#.#.#
#.##†.##......##.#.#.##.#...#
###....##......###.#.##.#.###


You could see a giant cockroach and 2 goblins.

Vanquished Creatures
  A dart slug (D:1)
  3 leopard geckos
  A ball python (D:2)
  4 goblins
  A jackal (D:2)
  6 kobolds
  A quokka (D:2)
  2 bats
  6 frilled lizards
  A leopard gecko skeleton (D:2)
  6 rats
  A withered plant (D:2)
33 creatures vanquished.

Vanquished Creatures (others)
  2 bats (D:2)
  A giant cockroach (D:2)
  A hobgoblin (D:2)
  2 jackals (D:2)
  A goblin (D:2)
  A quokka skeleton (D:2)
  A quokka zombie (D:2)
9 creatures vanquished.

Grand Total: 42 creatures vanquished

Notes
Turn   | Place    | Note
-------+----------+-------------------------------------------
     0 | D:1      | JakoBeide the Octopode Necromancer began the quest for the
                  | Orb.
     0 | D:1      | Reached XP level 1. HP: 11/11 MP: 3/3
   242 | D:1      | Reached XP level 2. HP: 14/17 MP: 1/5
  1186 | D:2      | Found a faded altar of an unknown god.
  1349 | D:2      | Became a worshipper of Jiyva Jeppa the Shapeless
  1349 | D:2      | Reached * piety under Jiyva
  1387 | D:2      | Reached XP level 3. HP: 6/21 MP: 3/6
  1473 | D:2      | Reached ** piety under Jiyva
  1739 | D:2      | Found an iron altar of Okawaru.
  1913 | D:2      | HP: 1/21 [poisoned by a goblin]
  1913 | D:2      | Slain by a goblin

Illustrated notes

Levels and vault maps discovered:
D:1:      dpeg_chamrin_arrival_tetris, layout_basic
D:2:      minmay_razor_zed, layout_basic, grunt_temple_overflow_open,
          minitemple, serial_undead, serial_undead_a, serial_undead_c,
          serial_undead_c, serial_undead_f, chequers_ecumenical_altar_simple,
          kennysheep_okawaru_gauntlet, uniq_robin

Skill      XL: |  1  2 |
---------------+-------+-----
Stealth        | 3 |  3.2
Fighting       | |  0.1
Short Blades   | |  0.1
Dodging        | |  2.1
Unarmed Combat | |  0.1
Spellcasting   | |  2.1
Necromancy     | |  4.7

Action                   || total
-------------------------++-------
Melee: Unarmed           ||    14
       Constrict         ||    11
       Tentacles         ||    11
       Short sword       ||    38
       Club              ||     7
 Cast: Pain              ||    36
  Use: Scroll            ||     2
 Stab: Sleeping          ||     1
  Eat: Ration            ||     1
       Chunk             ||     1
Armor: Skin              ||     5
Dodge: Dodged            ||    29
